 Dungeon Crawl Stone Soup version 0.19.0-19-g8c6edcc (webtiles) character file.

1224 lorenzova the Skirmisher (level 8, -4/78 HPs)
             Began as a Deep Dwarf Fighter on Nov 14, 2016.
             Slain by a wyvern (8 damage)
             ... on level 7 of the Dungeon.
             The game lasted 00:06:41 (3907 turns).

lorenzova the Skirmisher (Deep Dwarf Fighter)       Turns: 3907, Time: 00:06:42

Health: -4/78      AC: 10    Str: 21    XL:     8   Next: 23%
Magic:  10/10      EV: 10    Int:  9    God:
Gold:   389        SH:  9    Dex: 13    Spells: 0 memorised, 7 levels left

rFire  . . .     SeeInvis .     a - +0 war axe
rCold  . . .     Gourm    .     b - +0 scale mail
rNeg   . . .     Faith    .     c - +0 shield
rPois  .         Spirit   .     (no helmet)
rElec  .         Reflect  .     u - +0 cloak
rCorr  .         Harm     .     (no gloves)
MR     +....                    C - +0 pair of boots
Stlth  ..........               (no amulet)
                                (no ring)
                                (no ring)

@: non-regenerating
A: damage resistance, recharge devices, sense surroundings 1, slow regeneration
3
a: Device Recharging


You were on level 7 of the Dungeon.
You were not hungry.

You visited 1 branch of the dungeon, and saw 6 of its levels.

You collected 389 gold pieces.

Inventory:

Hand Weapons
 a - a +0 war axe (weapon)
Armour
 b - a +0 scale mail (worn)
 c - a +0 shield (worn)
 u - a +0 cloak (worn)
 z - a +0 ring mail
 C - a +0 pair of boots (worn)
 F - a +1 leather armour of magic resistance
Wands
 e - a wand of heal wounds (0/9)
 B - a wand of flame (15/48)
Scrolls
 h - 2 scrolls of teleportation {unknown}
 i - 3 scrolls of identify {unknown}
 j - a scroll of fear {unknown}
 l - a scroll of amnesia {unknown}
 n - 3 scrolls of remove curse
 o - a scroll of blinking {unknown}
 r - 3 scrolls of noise {unknown}
 t - a scroll of random uselessness {unknown}
 w - 2 scrolls of recharging {unknown}
 x - a scroll of magic mapping {unknown}
Potions
 d - a potion of might
 g - a potion of curing {unknown}
 m - a potion of cancellation {unknown}
 p - 3 potions of magic {unknown}
 s - a potion of haste {unknown}
 v - a potion of degeneration {unknown}
 A - a potion of flight {unknown}
 D - a potion of heal wounds {unknown}
Books
 y - a book of Minor Magic

   Spells                             Type                      Level
   a - Magic Dart                     Conjuration                  1
   b - Blink                          Translocation                2
   c - Call Imp                       Summoning                    2
   d - Repel Missiles                 Charms/Air                   2
   e - Slow                           Hexes                        2
   f - Conjure Flame                  Conjuration/Fire             3
   g - Mephitic Cloud                 Conjuration/Poison/Air       3
Comestibles
 f - 5 bread rations
 k - a slice of pizza
 q - a beef jerky
 G - 2 meat rations


   Skills:
 * Level 6.4 Fighting
 - Level 2.1 Axes
 + Level 5.7 Armour
 + Level 4.8 Dodging
 - Level 3.2 Shields
 + Level 5.0 Evocations


You had 7 spell levels left.
You didn't know any spells.

Dungeon Overview and Level Annotations

Branches:
Dungeon (5/15)
 Temple: D:4-7

Altars:
Elyvilon
Okawaru
Qazlal
Zin


Innate Abilities, Weirdness & Mutations

You are resistant to damage.
You can recharge devices by infusing magical energy.
You passively map a small area around you.
You do not regenerate.


Message History

The wyvern closely misses you. The wyvern bites you!
* * * LOW HITPOINT WARNING * * *
You hit the wyvern but do no damage.
The wyvern is heavily wounded.
The wyvern bites you but does no damage.
The wyvern barely misses you.
You slash the wyvern!
The wyvern is almost dead.
The wyvern closely misses you. You block the wyvern's attack.
You closely miss the wyvern.
The wyvern is almost dead.
You block the wyvern's attack.
The wyvern bites you but does no damage.
The wyvern bites you.
* * * LOW HITPOINT WARNING * * *
Your shield prevents you from hitting the wyvern.
The wyvern is almost dead.
The wyvern bites you but does no damage.
The wyvern bites you!
You die...

, * ,, ,......
,, , )...# , ,
#.... , . ,
##...#* ,..,
#....#
....##....## *
,.........l.#**
* ........(@.#
......###..##
............#
....(.......#
............# ,
.........##...#
.........# #..#
* ..........
.>#, ,
.........# #.#


You could see a wyvern.

Vanquished Creatures
  2 ogres (D:4)
  A phantom (D:3)
  3 scorpions
  The ghost of cedor the Poker, a weakling DsMo (D:4)
  A crimson imp (D:5)
  A centaur zombie (D:5)
  4 hounds
  An orc priest (D:4)
  4 orc wizards
  A bullfrog skeleton (D:5)
  7 worker ants
  A worker ant zombie (D:5)
  3 gnolls (D:3)
  9 adders
  An adder skeleton (D:4)
  2 worms (D:4)
  3 dart slugs
  4 leopard geckos
  20 orcs
  6 bats
  A giant cockroach (D:3)
  8 goblins
  9 hobgoblins
  8 jackals
  6 kobolds
  A quokka (D:3)
  7 frilled lizards
  6 rats
121 creatures vanquished.

Notes
Turn   | Place    | Note
-------+----------+-------------------------------------------
     0 | D:1      | lorenzova the Deep Dwarf Fighter began the quest for the Orb.
     0 | D:1      | Reached XP level 1. HP: 20/20 MP: 1/1
   117 | D:1      | Reached XP level 2. HP: 27/27 MP: 2/2
   145 | D:1      | Reached skill level 3 in Fighting
   371 | D:1      | Reached skill level 1 in Dodging
   524 | D:1      | Reached XP level 3. HP: 30/34 MP: 3/3
   728 | D:2      | Found a faded altar of an unknown god.
   886 | D:2      | Reached skill level 1 in Evocations
   938 | D:2      | Reached XP level 4. HP: 26/42 MP: 4/4
  1033 | D:2      | Found a glowing silver altar of Zin.
  1033 | D:2      | Found a white marble altar of Elyvilon.
  1364 | D:3      | Reached XP level 5. HP: 21/50 MP: 6/6
  1366 | D:3      | Reached skill level 4 in Fighting
  1572 | D:3      | Noticed a phantom
  1586 | D:3      | Killed a phantom
  1731 | D:3      | Reached XP level 6. HP: 31/58 MP: 8/8
  2348 | D:4      | Reached skill level 5 in Fighting
  2422 | D:4      | Noticed cedor's ghost (weakling DsMo)
  2428 | D:4      | Reached skill level 5 in Armour
  2431 | D:4      | Killed cedor's ghost
  2431 | D:4      | Reached XP level 7. HP: 36/67 MP: 9/9
  2914 | D:4      | Found a stormy altar of Qazlal.
  3085 | D:5      | Entered Level 5 of the Dungeon
  3213 | D:5      | Found an iron altar of Okawaru.
  3226 | D:5      | Reached skill level 6 in Fighting
  3226 | D:5      | Reached XP level 8. HP: 62/76 MP: 10/10
  3721 | D:5      | Reached skill level 5 in Evocations
  3886 | D:5      | You fall through a shaft for 2 floors!
  3907 | D:7      | Slain by a wyvern

Skill      XL: |  1  2  3  4  5  6  7  8 |
---------------+-------------------------+-----
Fighting       | 3 4 5 6 |  6.4
Dodging        | 1 2 3 4 |  4.8
Evocations     | 1 2 3 4 5 |  5.0
Armour         | 4 5 |  5.7
Axes           | |  2.1
Shields        | |  3.2

Action                   |  1- 3 |  4- 6 |  7- 9 || total
-------------------------+-------+-------+-------++-------
Melee: War axe           |    84 |   228 |   210 ||   522
 Abil: Device Recharging |       |       |     1 ||     1
Evoke: Wand              |       |     3 |     7 ||    10
  Use: Scroll            |       |       |     1 ||     1
  Eat: Chunk             |       |     5 |     6 ||    11
Armor: Scale mail        |    38 |    55 |    11 ||   104
       Ring mail         |       |    38 |    49 ||    87
       Leather armour    |       |       |     3 ||     3
Dodge: Dodged            |    23 |    85 |   109 ||   217
Block: Shield            |    49 |   139 |   127 ||   315
